 Dungeon Crawl Stone Soup version 0.30-a0-824-g6c64550be9 (webtiles) character file.

Game seed: 924304048486603911

30 Pimp the Trooper (level 3, -4/29 HPs)
             Began as a Demonspawn Berserker on Feb 27, 2023.
             Was a Believer of Trog.
             Slain by Sigmund
             ... wielding a +0 scythe
              (10 damage)
             ... on level 2 of the Dungeon.
             The game lasted 00:02:06 (987 turns).

Pimp the Trooper (Demonspawn Berserker)              Turns: 987, Time: 00:02:07

Health: -4/29      AC:  3    Str: 17 (19) XL:     3   Next: 5%
Magic:  3/3        EV: 12    Int:  7 (8)  God:    Trog [**....]
Gold:   82         SH:  0    Dex:  9 (12) Spells: 2/2 levels left

rFire   . . .      SeeInvis .    a - +0 hand axe
rCold   . . .      Faith    .    (no shield)
rNeg    . . .      Spirit   .    b - +0 animal skin
rPois   .          Reflect  .    i - +1 hat
rElec   .          Harm     .    (no cloak)
rCorr   +          Rampage  .    (no gloves)
Will    .....                    (no boots)
Stlth   +                        (no amulet)
HPRegen 0.24/turn                g - ring of resist corrosion
MPRegen 0.16/turn                (no ring)

@: mighty
A: hooves 1, magic regeneration
a: Renounce Religion, Berserk, Trog's Hand


You were on level 2 of the Dungeon.
You worshipped Trog.
Trog was pleased with you.
You visited 1 branch of the dungeon, and saw 2 of its levels.

You collected 82 gold pieces.

Inventory:

Hand Weapons
 a - a +0 hand axe (weapon)
Armour
 b - a +0 animal skin (worn)
 i - a +1 hat (worn)
Jewellery
 g - a ring of resist corrosion (left hand)
Scrolls
 f - 2 scrolls of identify {unknown}
 h - a scroll of acquirement {unknown}
Potions
 e - a potion of might


   Skills:
 + Level 3.3 Fighting
 + Level 3.0 Axes
 + Level 2.2 Armour
 + Level 2.2 Dodging


You had 2 spell levels left.
You didn't know any spells.
Your spell library was empty.

Dungeon Overview and Level Annotations

Branches:
Dungeon (2/15)

Altars:

Annotations:
D:2 Sigmund


Innate Abilities, Weirdness & Mutations

You have large cloven feet.
You regenerate magic rapidly.


Message History

You swing at nothing.
You attack the rock wall.
Something hits you but does no damage.
You swing at nothing.
You feel less confused. Something hits you.
You swing at nothing.
Something hits you but does no damage.
You swing at nothing.
You swing at nothing.
Something hits you but does no damage.
You swing at nothing.
Your transformation is almost over.
You hear some strange, mumbled words.
You are confused.
You swing at nothing.
Something hits you.
You attack the rock wall.
Something hits you.
You swing at nothing.
You swing at nothing.
You hear some strange, mumbled words.
A puff of flame appears from out of thin air!
The puff of flame hits you.
You hear some strange, mumbled words.
Something tries to affect you, but you resist.
You attack the rock wall.
A kobold comes into view. It is wielding a +0 rapier.
You hear some strange, mumbled words.
A puff of flame appears from out of thin air!
The puff of flame hits you but does no damage.
You swing at nothing.
The kobold throws a stone.
The stone hits you but does no damage. Something hits you.
You swing at nothing.
You feel less confused.
You swing at nothing.
You feel less wooden.
Your +1 hat unmelds from your body.
Your +0 animal skin unmelds from your body.
Something hits you!
* * * LOW HITPOINT WARNING * * *
You swing at nothing.
Something hits you but does no damage.
The kobold throws a stone.
The stone barely misses you.
The kobold throws a stone.
The stone closely misses you. Something hits you!
You die...

..# ###..
##########...
.............
........[...#
............K#
...........{.#
............@#
.........†...#
............#
............#
##
#####....####
...#######....#
#......##..###
#......##.##
#.........#


You could see a kobold.

Vanquished Creatures
  3 bats
  2 endoplasms
  2 giant cockroaches (D:1)
  5 goblins
  A hobgoblin (D:1)
  2 quokkas
  A ball python (D:1)
  3 frilled lizards
  6 kobolds
  2 rats
27 creatures vanquished.

Notes
Turn   | Place    | Note
-------+----------+-------------------------------------------
     0 | D:1      | Pimp the Demonspawn Berserker began the quest for the Orb.
     0 | D:1      | Reached XP level 1. HP: 18/18 MP: 1/1
   318 | D:1      | Discovered your monstrous ancestry.
   318 | D:1      | Gained mutation: You have large cloven feet. [demonic
                  | ancestry]
   318 | D:1      | Reached XP level 2. HP: 24/24 MP: 2/2
   896 | D:2      | Reached ** piety under Trog
   955 | D:2      | Noticed Sigmund
   957 | D:2      | Gained mutation: You regenerate magic rapidly. [demonic
                  | ancestry]
   957 | D:2      | Reached XP level 3. HP: 29/29 MP: 3/3
   987 | D:2      | Slain by Sigmund

Illustrated notes

Levels and vault maps discovered:
D:1:      dpeg_arrival_boxorama, layout_basic
D:2:      layout_basic, chequers_serial_rivers_micro_c, uniq_sigmund,
          uniq_crazy_yiuf_cottage, uniq_terence

Skill      XL: |  1  2 |
---------------+-------+-----
Armour         | 2 |  2.2
Dodging        | 2 |  2.2
Axes           | 3 |  3.0
Fighting       | |  3.3

Action                     || total
---------------------------++-------
  Melee: Hand axe          ||    71
         Kick              ||     9
    Use: Potion            ||     3
 Armour: Animal skin       ||    24
         Skin              ||     9
  Dodge: Dodged            ||    54

Table legend: (Time is in decaauts)
 A = Elapsed time spent in this place.
 B = Non-inter-level travel time spent in this place.
 C = Inter-level travel time spent in this place.
 D = Time resting spent in this place.
 E = Time spent auto-exploring this place.
 F = Levels seen in this place.
 G = Mean time per level.
                   A        B        C        D        E       F      G
               +--------+--------+--------+--------+--------+-----+--------+
         Total |   1000 |    975 |     25 |     35 |    694 |   2 |  500.0 |
       Dungeon |   1000 |    975 |     25 |     35 |    694 |   2 |  500.0 |
               +--------+--------+--------+--------+--------+-----+--------+

Top non-repeatable levels by time:
     D:1: 784 daAuts
     D:2: 215 daAuts
